[Event "*** Titled Tuesday Blitz"]
[Site "Chess.com"]
[Date "2020.12.01"]
[Round "9"]
[White "Zkid"]
[Black "BogdanDeac"]
[Result "0-1"]
[WhiteElo "2781"]
[BlackElo "2963"]
[TimeControl "180+1"]
[EndTime "11:43:15 PST"]
[Termination "BogdanDeac won by resignation"]

1. e4 e5 2. Nf3 Nc6 3. Bc4 Nf6 4. d3 Bc5 5. O-O d6 6. c3 a6 7. a4 O-O 8. h3 Ba7 9. Re1 b5 10. Bb3 b4 11. Nbd2 Rb8 12. Nf1 Na5 13. Bc2 bxc3 14. bxc3 h6 15. Be3 Bxe3 16. Nxe3 Re8 17. Rb1 Rb6 18. Rxb6 cxb6 19. Qb1 Qc7 20. Qb2 Bd7 21. Rb1 b5 22. axb5 axb5 23. Bb3 Rc8 24. Rc1 b4 25. Nc4 Nxb3 26. Qxb3 Nxe4 27. cxb4 Nf6 28. Ra1 Be6 29. b5 Bxc4 30. dxc4 Qxc4 31. Qb1 Rb8 32. b6 Qc6 33. Ra6 Nd7 34. b7 Qxa6 0-1

[Event "*** Titled Tuesday Blitz"]
[Site "Chess.com"]
[Date "2020.12.01"]
[Round "9"]
[White "DanilNajdin"]
[Black "Brave_spirit12"]
[Result "1-0"]
[WhiteElo "2388"]
[BlackElo "2478"]
[TimeControl "180+1"]
[EndTime "11:43:16 PST"]
[Termination "DanilNajdin won by resignation"]

1. e4 e6 2. d4 d5 3. Nd2 c5 4. exd5 exd5 5. Bb5+ Nc6 6. Ngf3 Bd6 7. O-O Ne7 8. dxc5 Bxc5 9. Nb3 Bd6 10. Bg5 f6 11.
Bh4 O-O 12. Bg3 Bg4 13. Re1 a6 14. Be2 Bxg3 15. hxg3 Qd6 16. Nbd4 Rfe8 17. c3 Ng6 18. Nxc6 bxc6 19. Nd4 Bxe2 20. Rxe2 c5 21. Nf5 Qd7 22.
Ne3 d4 23. Rd2 Rad8 24. cxd4 cxd4 25. Qb3+ Kh8 26. Rad1 Qa7 27. Nf5 Re4 28. Nxd4 Rde8 29. Re2 h5 30. Rxe4 Rxe4 31. Qd3 Qe7 32. Nf5 Re1+ 33.
Kh2 Qe5 34. Rxe1 Qxe1 35. Qd8+ Kh7 36. Qd7 1-0

[Event "*** Titled Tuesday Blitz"]
[Site "Chess.com"]
[Date "2020.12.01"]
[Round "9"]
[White "kinga2008"]
[Black "ljuks68"]
[Result "1-0"]
[WhiteElo "2208"]
[BlackElo "2366"]
[TimeControl "180+1"]
[EndTime "11:43:17 PST"]
[Termination "kinga2008 won on time"]

1. e4 e6 2. d4 d5 3. exd5 exd5 4. Nf3 Nf6 5. Bd3 c5 6. O-O Nc6 7. c3 Be7 8. Bg5 Qb6 9. b3 O-O 10. Re1 Bg4 11. dxc5 Bxc5 12. Bh4 Rfe8 13. Nbd2 Ne5 14. Be2 Bf5 15. Nxe5 Rxe5 16. b4 Bf8 17. Bxf6 Qxf6 18. Nf3 Ree8 19. Qxd5 Rad8 20. Qb3 Be4 21. Nd4 Bd6 22.
g3 Be5 23. Bb5 Bxd4 24. cxd4 1-0

[Event "*** Titled Tuesday Blitz"]
[Site "Chess.com"]
[Date "2020.12.01"]
[Round "9"]
[White "Xeniya2005"]
[Black "rychessmaster1"]
[Result "0-1"]
[WhiteElo "2433"]
[BlackElo "2572"]
[TimeControl "180+1"]
[EndTime "11:43:18 PST"]
[Termination "rychessmaster1 won on time"]

1. e4 c6 2. d4 d5 3. Nd2 dxe4 4. Nxe4 Nf6 5. Nxf6+ exf6 6. c3 Bd6 7. Bd3 O-O 8. Ne2 Re8 9. Qc2 h5 10. Be3 Nd7 11.
O-O-O b5 12. g4 hxg4 13. Rdg1 Nf8 14. h3 Be6 15. Kb1 Qa5 16. b3 c5 17. dxc5 Be5 18. f4 gxf3 19. Nd4 Rad8 20. b4 Qa4 21. Qf2 Bxd4 22. Bxd4 Rxd4 23. cxd4 Qxb4+ 24. Qb2 Qa4 25. Rg3 Bd5 26. Bxb5 f2 27. Rf1 Re1+ 28. Qc1 Qxb5+ 0-1

[Event "*** Titled Tuesday Blitz"]
[Site "Chess.com"]
[Date "2020.12.01"]
[Round "9"]
[White "Kaslask"]
[Black "picturesquecheck"]
[Result "0-1"]
[WhiteElo "2318"]
[BlackElo "2173"]
[TimeControl "180+1"]
[EndTime "11:43:18 PST"]
[Termination "picturesquecheck won by checkmate"]

1. d4 Nf6 2. c4 e6 3. Nc3 Bb4 4. e3 O-O 5. Bd3 d5 6. a3 Bxc3+ 7.
bxc3 c5 8. Ne2 cxd4 9. cxd4 dxc4 10. Bxc4 b6 11. O-O Bb7 12. Bb2 Nbd7 13. Ng3 Rc8 14. Bd3 a6 15. e4 b5 16. e5 Nd5 17. Qh5 g6 18. Qh6 f5 19. exf6 Qxf6 20. Rae1 Nf4 21. Be4 Bd5 22. Re3 Rfe8 23. Rf3 Rf8 24. Re1 Nb6 25.
Nh5 Nxh5 26. Rxf6 Nxf6 27. Bxg6 hxg6 28. Qxg6+ Kh8 29. Re3 Rc7 30. Rg3 Rh7 31. h3 Ne4 32. Rf3 Rxf3 33. gxf3 Nd2 34. Qf6+ Kg8 35. Qd8+ Kg7 36.
Qxb6 Nxf3+ 37. Kf1 Rxh3 38. Ke2 Rh1 39. Ke3 Re1+ 40.
Kf4 Nd2 41. Bc3 Re4+ 42. Kg5 Nf3+ 43. Kh5 Rh4# 0-1

[Event "*** Titled Tuesday Blitz"]
[Site "Chess.com"]
[Date "2020.12.01"]
[Round "9"]
[White "Omk124"]
[Black "MIJuanReyesRosa"]
[Result "1-0"]
[WhiteElo "2319"]
[BlackElo "2074"]
[TimeControl "180+1"]
[EndTime "11:43:19 PST"]
[Termination "Omk124 won on time"]

1. e4 c6 2. c4 d5 3. exd5 cxd5 4. cxd5 Nf6 5. Nc3 Nxd5 6. Nf3 g6 7. Qb3 Nb6 8. a4 Bg7 9. a5 Be6 10. Bb5+ N6d7 11.
Qb4 O-O 12. d4 a6 13. Ba4 Qc7 14. d5 Bf5 15. Bf4 Qc5 16. Qxc5 Nxc5 17. Kd2 Nbd7 18. Rhe1 Rac8 19. Rxe7 Nxa4 20. Rxa4 Rfd8 21. Nd4 Nc5 22.
Nxf5 Nxa4 23. Nxg7 Nxc3 24. bxc3 Kxg7 25. Be5+ Kf8 26.
d6 Rc6 27. Rxb7 Rcxd6+ 28. Bxd6+ Rxd6+ 29. Kc2 Kg7 30. Rb6 Rd7 31. Rxa6 h5 32. Rb6 Ra7 33. a6 Kh6 34. c4 f5 35. c5 1-0

[Event "*** Titled Tuesday Blitz"]
[Site "Chess.com"]
[Date "2020.12.01"]
[Round "9"]
[White "26andrej26"]
[Black "suyu28"]
[Result "0-1"]
[WhiteElo "2494"]
[BlackElo "2658"]
[TimeControl "180+1"]
[EndTime "11:43:21 PST"]
[Termination "suyu28 won by resignation"]

1. e4 e5 2. Nf3 Nc6 3. Bb5 a6 4. Ba4 d6 5. c3 Bd7 6. d4 g6 7. O-O Bg7 8. Bg5 f6 9. Be3 Nh6 10. Nbd2 O-O 11. h3 Kh8 12. Qc1 Nf7 13. Rd1 Qe7 14.
Nf1 f5 15. exf5 gxf5 16. dxe5 dxe5 17. b4 b6 18. Bg5 Qe8 19. Ng3 e4 20. Nh4 Nfe5 21.
Bh6 Qe7 22. Bxg7+ Qxg7 23. Qf4 b5 24. Bb3 Nd3 25. Qxc7 Nce5 26. Qd6 Rad8 27. Qxa6 Qg5 28. Nhxf5 Bxf5 29. Qxb5 Bg6 30. Bc2 Nf3+ 31. gxf3 Qxb5 32.
a4 Qb6 33. Bxd3 exd3 34. a5 Qc6 35. a6 Qxf3 36. a7 Qxf2+ 0-1

[Event "*** Titled Tuesday Blitz"]
[Site "Chess.com"]
[Date "2020.12.01"]
[Round "9"]
[White "BillieKimbah"]
[Black "exoticprincess"]
[Result "1-0"]
[WhiteElo "2868"]
[BlackElo "2904"]
[TimeControl "180+1"]
[EndTime "11:43:22 PST"]
[Termination "BillieKimbah won by resignation"]

1. d4 Nf6 2. Nf3 g6 3. Bg5 Bg7 4. Nbd2 d5 5. e3 Nbd7 6. Be2 O-O 7. O-O c6 8. c4 Ne4 9. Bf4 Ndf6 10. h3 Be6 11. Rc1 Nxd2 12. Nxd2 Qb6 13. Qb3 dxc4 14.
Bxc4 Bxc4 15. Nxc4 Qxb3 16. axb3 Rad8 17. Rfd1 Nd5 18.
Bg3 Rd7 19. Kf1 f5 20. Ne5 Bxe5 21. Bxe5 a6 22. Ke2 Nc7 23. h4 h5 24. f3 Nb5 25.
Rg1 Kh7 26. g4 hxg4 27. fxg4 e6 28. gxf5 Rxf5 29. Rg2 Rd8 30. Rcg1 Rg8 31. Rg5 Rff8 32. h5 Kh6 33. hxg6 Rf5 34. R5g2 Rh5 35. g7 Kh7 36. Rg6 c5 37. Rxe6 cxd4 38. exd4 Rh3 39. Kd2 Rh4 40. Kd3 Rh3+ 41. Kc4 Rc8+ 42. Kb4 Kg8 43.
Rb6 Na7 44. Rxb7 Nc6+ 45. Ka4 Rh4 46. Rc1 Rh2 47. Rb6 Rxb2 48. Rcxc6 Ra2+ 49. Kb4 1-0

[Event "*** Titled Tuesday Blitz"]
[Site "Chess.com"]
[Date "2020.12.01"]
[Round "9"]
[White "orestn"]
[Black "Quiet_Desperation"]
[Result "1-0"]
[WhiteElo "2313"]
[BlackElo "1690"]
[TimeControl "180+1"]
[EndTime "11:43:22 PST"]
[Termination "orestn won by resignation"]

1. e4 e6 2. d4 d5 3. e5 c5 4. c3 Nc6 5. Nf3 Qb6 6. Bd3 cxd4 7.
O-O Bd7 8. a3 Rc8 9. Re1 Nge7 10. h4 Nf5 11. h5 Be7 12. Bxf5 exf5 13. h6 g6 14. Nxd4 Nxd4 15. cxd4 O-O 16. Nc3 Be6 17. Re3 Rc4 18. Rd3 Rfc8 19. Be3 f4 20. Bxf4 a6 21. Be3 Qc6 22. Qf3 b5 23. Rad1 a5 24. Qg3 b4 25.
axb4 axb4 26. Ne2 Bf5 27. R3d2 Rc2 28. Bg5 Bxg5 29. Qxg5 Rxd2 30. Rxd2 Qa6 31. Ng3 Qe6 32. Ne2 b3 33. Nf4 Qe8 34. Nxd5 Qd8 35. Qxd8+ Rxd8 36. g4 Bc2 37. Nf6+ Kh8 38. d5 1-0

[Event "*** Titled Tuesday Blitz"]
[Site "Chess.com"]
[Date "2020.12.01"]
[Round "9"]
[White "Rytenko_V"]
[Black "temus_galaktionov"]
[Result "0-1"]
[WhiteElo "2530"]
[BlackElo "2698"]
[TimeControl "180+1"]
[EndTime "11:43:23 PST"]
[Termination "temus_galaktionov won by checkmate"]

1. e4 c6 2. d4 g6 3. Nc3 Bg7 4. Be3 d6 5. Qd2 Nd7 6. h4 Ngf6 7. f3 e5 8. O-O-O Qa5 9. Kb1 O-O 10. h5 Re8 11.
hxg6 hxg6 12. Bh6 Bh8 13. Bg5 b5 14. dxe5 dxe5 15. Qf2 Bg7 16. Qh4 Rb8 17. Bh6 Nh5 18.
Bxg7 Kxg7 19. g4 Rh8 20. Bg2 b4 21. Nce2 Ndf6 22. gxh5 Nxh5 23. Qf2 Be6 24. Nc1 Rb6 25. Nge2 Ra6 26. b3 c5 27. f4 c4 28. f5 cxb3 29.
cxb3 Bxb3 30. axb3 Rc8 31. f6+ Kg8 32. Nd4 Qa1# 0-1

[Event "*** Titled Tuesday Blitz"]
[Site "Chess.com"]
[Date "2020.12.01"]
[Round "9"]
[White "Roza_Idrisova"]
[Black "CM_rui"]
[Result "1-0"]
[WhiteElo "2207"]
[BlackElo "2365"]
[TimeControl "180+1"]
[EndTime "11:43:23 PST"]
[Termination "Roza_Idrisova won by checkmate"]

1. d4 Nf6 2. Nf3 e6 3. Bg5 Be7 4. Nbd2 O-O 5. e4 d6 6. Bd3 Nbd7 7. Qe2 e5 8. O-O h6 9. Bh4 a6 10. c4 exd4 11. Nxd4 Nc5 12. Bc2 Ne6 13. Nf5 Nf4 14. Qf3 Bxf5 15. Qxf4 Be6 16. b3 Nh7 17. Bxe7 Qxe7 18.
e5 dxe5 19. Qxe5 Nf6 20. Rfe1 Rad8 21. Nf3 Rfe8 22. h3 Qd7 23. Rad1 Qc6 24. Rxd8 Rxd8 25.
Nd4 Qb6 26. Nxe6 fxe6 27. Qxe6+ Qxe6 28. Rxe6 Rd2 29. Bg6 Rxa2 30. Re7 Ra1+ 31. Kh2 Kf8 32. Rf7+ Kg8 33. Rxc7 Kf8 34. Rf7+ Kg8 35. Rxb7 Kf8 36. c5 Rc1 37. b4 a5 38. bxa5 Rxc5 39. a6 Rc8 40. a7 Nd5 41. Rb8 Nb6 42. Rxc8+ Nxc8 43. a8=Q Ke7 44. Qxc8 Kf6 45. Qc6+ Kg5 46. Bd3 Kf4 47.
Qd6+ Kg5 48. Kg3 h5 49. h4# 1-0

[Event "*** Titled Tuesday Blitz"]
[Site "Chess.com"]
[Date "2020.12.01"]
[Round "9"]
[White "c_r_e_e_p_e_r"]
[Black "igorcadilhac"]
[Result "0-1"]
[WhiteElo "2295"]
[BlackElo "2445"]
[TimeControl "180+1"]
[EndTime "11:43:25 PST"]
[Termination "igorcadilhac won on time"]

1. e4 e5 2. Nc3 Nc6 3. f4 exf4 4. Nf3 g5 5. h3 d6 6. d4 Be7 7. d5 Ne5 8. Nxe5 dxe5 9. Qh5 h6 10.
d6 Bxd6 11. Bc4 Qf6 12. Nd5 Qg6 13. Qe2 Ne7 14. Bd2 Nxd5 15. exd5 Bd7 16. Bc3 O-O-O 17.
O-O-O Rhe8 18. Qf2 Kb8 19. Rhe1 e4 20. Qd4 Be5 21. Qxe4 Bf5 22. Qf3 g4 23. hxg4 Bxg4 24.
Qd3 Bxc3 25. Qxc3 Bxd1 26. Rxd1 Qxg2 27. Bb5 Re3 28. Qf6 Qg5 0-1

[Event "*** Titled Tuesday Blitz"]
[Site "Chess.com"]
[Date "2020.12.01"]
[Round "9"]
[White "Beltraxtor"]
[Black "dretch"]
[Result "0-1"]
[WhiteElo "2569"]
[BlackElo "2815"]
[TimeControl "180+1"]
[EndTime "11:43:27 PST"]
[Termination "dretch won by resignation"]

1. e4 e6 2. d4 d5 3. Nc3 Nf6 4.
Bg5 dxe4 5. Nxe4 Be7 6. Bxf6 Bxf6 7. Nf3 Nd7 8. Bd3 c5 9. c3 cxd4 10. Nxf6+ Nxf6 11. Nxd4 O-O 12. O-O e5 13. Nc2 Bg4 14. Be2 Qxd1 15. Bxd1 Rad8 16. Ne3 Be6 17. Bf3 e4 18.
Be2 Rd2 19. Bc4 Rxb2 20. Bxe6 fxe6 21. Rfb1 Rxb1+ 22. Rxb1 b6 23. c4 Rd8 24. Rd1 Rd3 25. Rxd3 exd3 26. f3 Kf7 27. Kf2 Nd7 28. Nd1 Ne5 29.
Nb2 Kf6 30. Ke3 Kf5 31. g4+ Kf6 32. h3 g5 33. f4 gxf4+ 34. Kxf4 h6 35. Ke3 Kg5 36.
Ke4 Kf6 37. Ke3 Kg5 38. Kd4 Kf4 39. a4 d2 40. Nd1 a5 41. Nb2 Nf3+ 42. Kd3 e5 43. Ke2 e4 44. Nd1 Ke5 45. Ne3 Kd4 46. Nf5+ Kc3 47. Kd1 Kd3 0-1

[Event "*** Titled Tuesday Blitz"]
[Site "Chess.com"]
[Date "2020.12.01"]
[Round "9"]
[White "Ladislav1969"]
[Black "AliKa2810"]
[Result "0-1"]
[WhiteElo "2375"]
[BlackElo "2589"]
[TimeControl "180+1"]
[EndTime "11:43:27 PST"]
[Termination "AliKa2810 won by checkmate"]

1. e4 c6 2. d4 d5 3. e5 Bf5 4.
Nd2 e6 5. Nb3 Nd7 6. Nf3 Rc8 7.
Be3 c5 8. dxc5 Bxc5 9. Nxc5 Nxc5 10. Nd4 Ne7 11. Nb5 O-O 12. Nd6 Qa5+ 13. c3 Na4 14. Nxc8 Rxc8 15. Qb3 Rc7 16. Bb5 Nxc3 17.
Bd2 Qxb5 18. bxc3 Qd3 19. Qa4 h6 20. Qd4 Qa6 21. f3 Rc4 22. Qe3 Nc6 23. Kf2 d4 24.
cxd4 Nxd4 25. Rhc1 Nc2 26. Qe2 Qb6+ 27. Kg3 Qd4 28. a4 a6 29. Ra2 Qh4# 0-1

[Event "*** Titled Tuesday Blitz"]
[Site "Chess.com"]
[Date "2020.12.01"]
[Round "9"]
[White "daro94"]
[Black "Shota_Azaladze"]
[Result "0-1"]
[WhiteElo "2847"]
[BlackElo "2671"]
[TimeControl "180+1"]
[EndTime "11:43:30 PST"]
[Termination "Shota_Azaladze won on time"]

1. e4 g6 2. d4 Bg7 3. Nf3 d6 4. Bc4 e6 5. O-O Ne7 6. Re1 h6 7. c3 Nd7 8. Nbd2 b6 9. a4 a6 10.
Nf1 Bb7 11. Ng3 O-O 12. h3 e5 13. Be3 exd4 14. cxd4 d5 15. exd5 Nxd5 16. Qb3 Nxe3 17. Rxe3 c5 18. Rae1 cxd4 19. Bxf7+ Kh8 20. Re7 Nc5 21.
Qd1 d3 22. Nh4 Rxf7 23. Nxg6+ Kg8 24. Rxf7 Kxf7 25. Qh5 Qd5 26. Re7+ Kg8 27. Rxg7+ Kxg7 28. Nf5+ Kf6 29. Qh4+ Kxf5 30. Ne7+ Ke6 31. Nxd5 Bxd5 32.
b4 Ne4 33. Qg4+ Ke5 34. Qg7+ Kd6 35. Qxh6+ Ke5 36. Qg7+ Nf6 37. f4+ Ke6 0-1

[Event "*** Titled Tuesday Blitz"]
[Site "Chess.com"]
[Date "2020.12.01"]
[Round "9"]
[White "Meri-Arabidze"]
[Black "The_Machine04"]
[Result "1-0"]
[WhiteElo "2623"]
[BlackElo "2432"]
[TimeControl "180+1"]
[EndTime "11:43:30 PST"]
[Termination "Meri-Arabidze won by resignation"]

1. Nf3 d6 2. b3 Nf6 3. Bb2 Nbd7 4.
g3 g6 5. Bg2 Bg7 6. O-O O-O 7.
c4 e5 8. Nc3 c6 9. d3 a5 10. Qc2 Nc5 11. a3 Ne6 12. Ne4 Nxe4 13. dxe4 Qe7 14. Rfd1 Rd8 15. Bc3 h6 16. e3 b6 17. Rd2 Ra7 18. Rad1 Rad7 19. b4 axb4 20. axb4 Bb7 21. Nh4 Bf6 22. Nf3 Ng5 23. Ne1 Qe6 24.
h4 Nh7 25. Bb2 g5 26. hxg5 Nxg5 27. Kh2 Kg7 28. f4 exf4 29. exf4 Nxe4 30. Bxe4 Bxb2 31. Qxb2+ Qf6 32. Qxf6+ Kxf6 33. Bg2 d5 34. cxd5 cxd5 35. Rd4 Ke6 36. Bh3+ f5 37. Ng2 Rf7 38. Ne3 Rc8 39. Bg2 Rd7 40. Bxd5+ Bxd5 41. Nxd5 Rc2+ 42. Kh3 Ra7 43.
Ne3 Re2 44. Rd6+ Ke7 45. Nxf5+ Kf7 46. Nxh6+ Ke7 47. Nf5+ Kf7 48. Rd7+ Rxd7 49. Rxd7+ Ke6 50. Re7+ Kxf5 51. Rxe2 b5 52. Re5+ Kf6 53. Rxb5 Ke6 54. Rc5 Kd6 55. g4 1-0

[Event "*** Titled Tuesday Blitz"]
[Site "Chess.com"]
[Date "2020.12.01"]
[Round "9"]
[White "chesstatour"]
[Black "Taktikmonster"]
[Result "0-1"]
[WhiteElo "1996"]
[BlackElo "2219"]
[TimeControl "180+1"]
[EndTime "11:43:31 PST"]
[Termination "Taktikmonster won on time"]

1. c4 c5 2. Nc3 g6 3. Nf3 Bg7 4. d4 d6 5. g3 Nc6 6. d5 Nb8 7. e4 e5 8. dxe6 Bxe6 9. Bf4 Qa5 10. Qb3 b6 11. Be2 Nc6 12. O-O-O Bxc3 13. bxc3 Nf6 14. Rxd6 Rc8 15. Qb5 Qxc3+ 16. Kb1 Bd7 17. Rc1 Nxe4 18. Rxd7 Kxd7 19. Ne5+ Ke6 20. Nxc6 Nd2+ 21. Bxd2 Qxd2 22. Bf3 Qd3+ 23. Kb2 Qxf3 24. Qb3 Qxb3+ 25. axb3 Rxc6 26. Re1+ Kd7 0-1

[Event "*** Titled Tuesday Blitz"]
[Site "Chess.com"]
[Date "2020.12.01"]
[Round "9"]
[White "maheswaran26"]
[Black "MasterKroket"]
[Result "1-0"]
[WhiteElo "2239"]
[BlackElo "2384"]
[TimeControl "180+1"]
[EndTime "11:43:33 PST"]
[Termination "maheswaran26 won by resignation"]

1. d4 Nf6 2. Nf3 e6 3. c4 b6 4. a3 Bb7 5. Nc3 d5 6. cxd5 Nxd5 7. e3 Be7 8. Bb5+ c6 9. Bd3 O-O 10. O-O Nxc3 11. bxc3 c5 12. Qe2 Nc6 13. Bb2 Qc7 14. c4 Rfd8 15. Rfd1 cxd4 16. exd4 Bf6 17. d5 Bxb2 18.
dxc6 Bxa1 19. cxb7 Qxb7 20. Rxa1 Qc7 21. h4 Qc5 22. Qe4 g6 23. Bf1 Rac8 24. Qf4 Qf5 25.
Qxf5 gxf5 26. Rb1 Rc5 27. Rb3 Rd1 28. g3 Ra5 29. Kg2 Ra1 30. Rd3 h6 31. Rd8+ Kg7 32.
Nd4 R1xa3 33. Rd7 Kf6 34. Nc6 Rc5 35. Nd8 a6 36. Rxf7+ Ke5 37. Re7 b5 38. cxb5 axb5 39. Rxe6+ Kd4 40. Rxh6 b4 41. Ne6+ Kd5 42. Nxc5 Kxc5 43.
Rh5 1-0

[Event "*** Titled Tuesday Blitz"]
[Site "Chess.com"]
[Date "2020.12.01"]
[Round "9"]
[White "vova-79"]
[Black "niki_2003"]
[Result "1-0"]
[WhiteElo "2454"]
[BlackElo "2026"]
[TimeControl "180+1"]
[EndTime "11:43:33 PST"]
[Termination "vova-79 won by resignation"]

1. d4 Nf6 2. c4 e6 3. Nc3 Bb4 4. e3 O-O 5. Ne2 c5 6. a3 Bxc3+ 7. Nxc3 Nc6 8. dxc5 a5 9. Rb1 a4 10. Nxa4 Qa5+ 11.
Nc3 Ne4 12. Bd2 Nxd2 13. Qxd2 Qxc5 14. Be2 Qg5 15. O-O Na5 16. Ne4 Qe7 17. Qd6 Qxd6 18.
Nxd6 b6 19. Rfd1 Ba6 20. b3 f5 21. Bf3 Rab8 22. a4 Nc6 23. Nb5 Ne5 24. Be2 Bxb5 25. axb5 Rfd8 26. Rd4 Ra8 27. f4 Nf7 28. Bf3 Ra3 29.
e4 fxe4 30. Bxe4 g6 31. h3 Kf8 32. Rd2 Ke7 33. Kf2 Nd6 34. Bf3 Nf5 35. g4 Nd6 36. Rbd1 Nf7 37. Rd3 e5 38. fxe5 Nxe5 39. Re3 d6 40.
Bd5 Rf8+ 41. Kg3 Ra2 42. Rde1 g5 43. Rxe5+ dxe5 44. Rxe5+ Kd6 45. Rxg5 Ra3 46. Kh4 Rxb3 47. c5+ bxc5 48. Bxb3 1-0

[Event "*** Titled Tuesday Blitz"]
[Site "Chess.com"]
[Date "2020.12.01"]
[Round "9"]
[White "onetowin"]
[Black "beto-betun"]
[Result "0-1"]
[WhiteElo "2012"]
[BlackElo "2200"]
[TimeControl "180+1"]
[EndTime "11:43:33 PST"]
[Termination "beto-betun won by resignation"]

1. d4 Nf6 2. Nf3 g6 3. g3 Bg7 4.
Bg2 O-O 5. O-O d6 6. c4 c6 7. Nc3 Nbd7 8. e4 e5 9. h3 Re8 10. Be3 b6 11. b4 Bb7 12. c5 exd4 13. Nxd4 dxc5 14. bxc5 Nxc5 15. e5 Nd5 16. Nxd5 cxd5 17. f4 Qe7 18. Nb5 Rad8 19. Bf2 Bc6 20. Nd4 Ba4 21. Qe2 f6 22. e6 Nxe6 23. Rfe1 Kf7 24.
f5 Nxd4 25. Qxe7+ Rxe7 26. Rxe7+ Kxe7 27. Bxd4 gxf5 28. Rc1 Kd6 29. Be3 Rd7 30. Rc8 Bb5 31. Bf4+ Ke7 32. Bd2 Ba6 33. Bb4+ Kf7 34. Rc1 Bc4 35.
a3 Bh6 36. Rd1 Be3+ 37. Kh2 d4 38. Bc6 Rc7 39. Ba4 f4 40. gxf4 Bxf4+ 41. Kg2 Be3 42. Kf3 Bd5+ 43. Kg4 Ke6 44. Re1 f5+ 45. Kg3 Rg7+ 46.
Kh4 0-1

[Event "*** Titled Tuesday Blitz"]
[Site "Chess.com"]
[Date "2020.12.01"]
[Round "9"]
[White "elohunter1999"]
[Black "Alomaterapia"]
[Result "1-0"]
[WhiteElo "2578"]
[BlackElo "2443"]
[TimeControl "180+1"]
[EndTime "11:43:34 PST"]
[Termination "elohunter1999 won by checkmate"]

1. e4 e5 2. Nf3 Nc6 3. Bb5 a6 4. Ba4 Nf6 5. O-O Bc5 6. c3 b5 7. Bc2 d6 8. d4 Bb6 9. h3 h6 10.
Be3 O-O 11. Nbd2 exd4 12. cxd4 Nb4 13. Bb1 c5 14. dxc5 dxc5 15. a3 Nd3 16. e5 Nd5 17.
Bxh6 c4 18. Bg5 Qe8 19. Ne4 N5f4 20. Qd2 Nxh3+ 21. gxh3 Bxh3 22. Nf6+ gxf6 23. Bxf6 Kh7 24. Ng5+ Kg6 25. Nxh3 Rg8 26. Kh2 Kh5 27. Bxd3 cxd3 28. Qxd3 Qc6 29. Qh7+ Kg4 30. Rg1+ Kf3 31. Qd3+ Be3 32.
Qxe3# 1-0

[Event "*** Titled Tuesday Blitz"]
[Site "Chess.com"]
[Date "2020.12.01"]
[Round "9"]
[White "Manukyan_Artak"]
[Black "Abdimalik_Abdisalimov"]
[Result "1-0"]
[WhiteElo "2382"]
[BlackElo "2669"]
[TimeControl "180+1"]
[EndTime "11:43:34 PST"]
[Termination "Manukyan_Artak won on time"]

1. e4 e5 2. Nf3 Nc6 3. d4 exd4 4.
Nxd4 Nf6 5. Nxc6 bxc6 6. e5 Qe7 7. Qe2 Nd5 8. c4 Ba6 9. b3 g6 10. Bb2 Bg7 11. g3 O-O 12. Bg2 Rae8 13. O-O Bxe5 14. Qxe5 Qxe5 15. Bxe5 Rxe5 16. cxd5 Bxf1 17. Kxf1 cxd5 18. Nc3 c6 19. b4 Rfe8 20. Bf3 f5 21. a4 a6 22. Rb1 Kf7 23. a5 Kf6 24. Na4 g5 25. h3 d6 26. Rc1 Rc8 27. Nb6 Rd8 28.
Rxc6 g4 29. hxg4 fxg4 30. Bxg4 Re4 31. Bf3 Rd4 32. Nxd5+ Ke5 33. Rxa6 Rxd5 34. Bxd5 Kxd5 35. b5 Kc5 36. b6 Kc6 37. Ra7 Rb8 38. Rxh7 Kb5 39.
Ra7 Kc6 40. Ke2 d5 41. Kd3 Rf8 42. Rc7+ Kb5 43. b7 1-0

[Event "*** Titled Tuesday Blitz"]
[Site "Chess.com"]
[Date "2020.12.01"]
[Round "9"]
[White "Tsyhanchuk_Stanislav"]
[Black "RaneshRatnesan"]
[Result "0-1"]
[WhiteElo "2205"]
[BlackElo "2155"]
[TimeControl "180+1"]
[EndTime "11:43:37 PST"]
[Termination "RaneshRatnesan won by resignation"]

1. d4 d5 2. Nf3 Nf6 3. c4 c6 4. e3 Bf5 5. Qb3 Qb6 6. c5 Qc7 7. Nc3 Nbd7 8. Be2 Rb8 9. O-O e5 10. dxe5 Nxe5 11. Nxe5 Qxe5 12. Bd2 Bxc5 13. Rac1 Bd6 14.
f4 Qe7 15. h3 Ne4 16. Nxe4 Bxe4 17. Bd3 O-O 18. Bxe4 Qxe4 19. Qc2 Rfe8 20. Qxe4 Rxe4 21. Kf2 Bc7 22. Kf3 Bb6 23. g4 Rbe8 24. Rfe1 g6 25. h4 f5 26. gxf5 gxf5 27. Rg1+ Kf7 28. Rce1 d4 29. Rg5 Kf6 30. h5 dxe3 31. Bc3+ Bd4 32. Bxd4+ Rxd4 33. Rxe3 Rxe3+ 34. Kxe3 Re4+ 35. Kf3 a5 36. h6 Re7 37. a4 b5 38. axb5 cxb5 39.
b3 a4 40. bxa4 bxa4 41. Rg2 a3 42. Ra2 Ra7 43. Ke3 Kg6 44. Kd4 Ra5 45. Rg2+ Kxh6 46. Rh2+ Kg6 47. Rg2+ Kf6 48. Ra2 Ra4+ 49. Ke3 Ke6 50. Kf3 Kd5 51. Ke3 Kc4 52. Kd2 Kb3 53. Ra1 Kb2 0-1

[Event "*** Titled Tuesday Blitz"]
[Site "Chess.com"]
[Date "2020.12.01"]
[Round "9"]
[White "ikhasu"]
[Black "CheckThis4"]
[Result "0-1"]
[WhiteElo "2425"]
[BlackElo "2553"]
[TimeControl "180+1"]
[EndTime "11:43:38 PST"]
[Termination "CheckThis4 won on time"]

1. e4 c5 2. Nf3 d6 3. d4 cxd4 4. Nxd4 Nf6 5. Nc3 g6 6. Be2 Bg7 7. O-O Nc6 8. Nb3 O-O 9. Bg5 a6 10. f4 b5 11. Bf3 b4 12. Nd5 Nxd5 13. exd5 Na5 14. Rb1 Nc4 15. Qe2 Qc7 16. Qxe7 Qb6+ 17. Kh1 Bf5 18. Qe2 Ne3 19. Rfe1 Rfe8 20. Qd2 Nxc2 21. Rxe8+ Rxe8 22. Rc1 Bxb2 23. Rf1 Bc3 24. Qc1 Ne3 25. Rg1 Rc8 26. Bh4 Bf6 27. Qe1 Bg7 28. Bf2 Re8 29. Qe2 Qb5 30. Qxb5 axb5 31. Re1 Ra8 32.
Bxe3 Rxa2 0-1

[Event "*** Titled Tuesday Blitz"]
[Site "Chess.com"]
[Date "2020.12.01"]
[Round "9"]
[White "esrosenberg"]
[Black "GAusal"]
[Result "1-0"]
[WhiteElo "2215"]
[BlackElo "2087"]
[TimeControl "180+1"]
[EndTime "11:43:38 PST"]
[Termination "esrosenberg won by resignation"]

1. Nf3 d5 2. c4 c6 3. d4 Nf6 4. Nc3 Bf5 5. cxd5 Nxd5 6. Qb3 Nb6 7. Bg5 Qd6 8. e3 e6 9. a3 Be7 10. Bf4 Qd8 11. h3 O-O 12. g4 Bg6 13. Ne5 N8d7 14. Nxg6 hxg6 15. Bd3 Nf6 16. O-O-O Nfd5 17. Be5 Nxc3 18.
bxc3 Qd5 19. c4 Qa5 20. c5 Nd5 21. Kc2 b6 22. e4 Nf6 23. g5 Nd7 24. Bd6 Rfe8 25.
h4 bxc5 26. Bxe7 Rxe7 27. h5 Rb8 28. Qc3 cxd4 29. Qxa5 Nb6 30. hxg6 fxg6 31. Rh3 c5 32. Rdh1 c4 33. Rh8+ Kf7 34. Rxb8 cxd3+ 35. Kxd3 Nd7 36.
Rb7 Nc5+ 37. Qxc5 Rxb7 38. Kxd4 Re7 39. Rh3 1-0

[Event "*** Titled Tuesday Blitz"]
[Site "Chess.com"]
[Date "2020.12.01"]
[Round "9"]
[White "Chessbard1972"]
[Black "Skatchkov_V"]
[Result "0-1"]
[WhiteElo "2376"]
[BlackElo "2500"]
[TimeControl "180+1"]
[EndTime "11:43:39 PST"]
[Termination "Skatchkov_V won on time"]

1. d4 Nf6 2. Nf3 e6 3. c4 b6 4.
a3 Bb7 5. Nc3 d5 6. cxd5 Nxd5 7.
Qc2 Be7 8. e4 Nxc3 9. bxc3 O-O 10. Bd3 c5 11. Qe2 Qc8 12. O-O Ba6 13. d5 exd5 14.
exd5 Bf6 15. Bd2 Re8 16. Bxa6 Nxa6 17. Qc4 Nc7 18. Bf4 Rd8 19. Rad1 Qd7 20. Bxc7 Qxc7 21.
Qd3 c4 22. Qf5 Qc5 23. a4 Rd6 24. Rfe1 Rad8 25. Ng5 g6 26. Qf4 Bxg5 27. Qxg5 Rxd5 28. Qxd8+ Rxd8 29. Rxd8+ Kg7 30. Rd4 Qc6 31. Ra1 a6 32. h4 h5 33. g3 Kf8 34. Rb1 Qxa4 35. Rxb6 Qa1+ 36. Kg2 Qxc3 37. Rd8+ Kg7 38. Ra8 Qd4 39.
Rbxa6 c3 40. Rc8 Qe4+ 0-1